 Dungeon Crawl Stone Soup version 0.28.0-53-g5a82cb258f (webtiles) character file.

Game seed: 71160651120751860

21 Gabide the Poker (level 2, -6/19 HPs)
             Began as a Tengu Monk on June 3, 2022.
             Killed from afar by Terence (7 damage)
             ... with a puff of flame
             ... on level 2 of the Dungeon.
             The game lasted 00:01:16 (807 turns).

Gabide the Poker (Tengu Monk)                        Turns: 807, Time: 00:01:16

Health: -6/19      AC:  5    Str: 11    XL:     2   Next: 87%
Magic:  3/3        EV: 11    Int: 10    God:
Gold:   33         SH:  3    Dex: 16    Spells: 1/1 levels left

rFire   . . .      SeeInvis .   a - +0 spear
rCold   . . .      Faith    .   h - +0 buckler
rNeg    . . .      Spirit   .   f - +0 ring mail
rPois   .          Reflect  .   (helmet restricted)
rElec   .          Harm     .   (no cloak)
rCorr   .          Rampage  .   (no gloves)
Will    .....                   (boots unavailable)
Stlth   +.........              (no amulet)
HPRegen 0.06/turn               (no ring)
MPRegen 0.08/turn               (no ring)

@: no status effects
A: beak, talons 3
a: no special abilities


You were on level 2 of the Dungeon.
You visited 1 branch of the dungeon, and saw 2 of its levels.

You collected 33 gold pieces.

Inventory:

Hand Weapons
 a - a +0 spear (weapon)
Missiles
 i - 11 stones (quivered)
Armour
 f - a +0 ring mail (worn)
 h - a +0 buckler (worn)
Scrolls
 d - a scroll of blinking {unknown}
 g - a scroll of magic mapping {unknown}
Potions
 b - a potion of brilliance {unknown}
 e - a potion of cancellation {unknown}
 j - a potion of mutation {unknown}


   Skills:
 + Level 3.3 Fighting
 + Level 3.7 Polearms
 + Level 3.6 Dodging
 - Level 2.0 Stealth


You had one spell level left.
You didn't know any spells.
Your spell library was empty.

Dungeon Overview and Level Annotations

Branches:
Dungeon (2/15)

Altars:
Dithmenos

Annotations:
D:2 Terence


Innate Abilities, Weirdness & Mutations

You have a beak for a mouth.
You have claws for feet.


Message History

You throw a stone.
The stone barely misses the giant cockroach.
The giant cockroach bites you but does no damage.
You completely miss the giant cockroach.
You block the giant cockroach's attack.
You barely miss the giant cockroach. You claw the giant cockroach.
The giant cockroach is heavily wounded.
The giant cockroach closely misses you.
You barely miss the giant cockroach.
You claw the giant cockroach, but do no damage.
The giant cockroach is heavily wounded.
The giant cockroach waves its antennae.
The giant cockroach closely misses you.
You hit the giant cockroach. You claw the giant cockroach.
You kill the giant cockroach!
No target in view!
No target in view!
No target in view!
There is a stone staircase leading down here.
i - 13 stones (gained 1) Terence the Incautious comes into view.
He is wielding a +0 flail, wearing a +3 chain mail of willpower and carrying a wand of flame (19).
Terence is nearby!
You throw a stone. The stone hits Terence.
Terence is lightly wounded.
Terence zaps a wand.
The puff of flame hits you!
You throw a stone.
The stone hits Terence but does no damage.
Terence is lightly wounded.
Terence zaps a wand.
The puff of flame misses you.
Okay, then.
As you read the scroll labelled NUMEDD KECVAVO, it crumbles to dust.
You hear a loud clanging noise!
It was a scroll of noise.
You hear an angry hiss.
You hear a shout! x2
There is a stone staircase leading down here.
Terence zaps a wand.
The puff of flame hits you!
Ouch! That really hurt!
* * * LOW HITPOINT WARNING * * *
Terence zaps a wand.
The puff of flame hits you!
You die...

##### ...####.#
..#....# ### #...#..#
#<# #[..#..# #.#
#...#..#.#..#..# #.#
#.@.#..#.#..#..#
#.#####.#.#..#.#..#..#
#.......#.#..#.#..#..#
#########....#....#..#
...........#....#..#
#######..#@#....#..#
..........>...(.#
.......#.##...#.##
#..##.....#...#...


You could see Terence.

Vanquished Creatures
  2 ball pythons (D:1)
  3 bats (D:1)
  An endoplasm (D:1)
  4 giant cockroaches
  2 goblins (D:1)
  A hobgoblin (D:1)
  A quokka (D:1)
  4 frilled lizards (D:1)
  2 rats (D:1)
20 creatures vanquished.

Notes
Turn   | Place    | Note
-------+----------+-------------------------------------------
     0 | D:1      | Gabide the Tengu Monk began the quest for the Orb.
     0 | D:1      | Reached XP level 1. HP: 14/14 MP: 2/2
   133 | D:1      | Reached XP level 2. HP: 19/19 MP: 3/3
   778 | D:2      | Found a shadowy altar of Dithmenos.
   793 | D:2      | Noticed Terence
   807 | D:2      | Killed from afar by Terence

Illustrated notes

Levels and vault maps discovered:
D:1:      elethiomel_arrival_quiet, layout_loops_ring, kennysheep_doodads
D:2:      layout_basic, basic_altar, minmay_misc_feat_pillars, uniq_terence

Action                   || total
-------------------------++-------
Melee: Spear             ||    33
       Peck              ||     5
       Kick              ||     7
Throw: Stone             ||     6
  Use: Scroll            ||     1
 Stab: Sleeping          ||     7
Armor: Robe              ||     6
       Ring mail         ||     2
Dodge: Dodged            ||    10
Block: Buckler           ||     1
